Map: Acropolis LE

Players

LiquidSnute (Snute)

  • Race: Zerg Zerg
  • League: Grandmaster
  • Spawn Location: 11:00

TSGSolar (Solar) - Winner!

  • Race: Zerg Zerg
  • Spawn Location: 5:00

Event: HomeStory Cup XIX

VOD

Have the link to the VOD?

Description

Time

  • Played on: June 27, 2019, 12:50 p.m.
  • Length: 7:27

All games in this series

Show
View Real Time Build Order
Export as new Build Order

LiquidSnute Zerg 

Build Orders: Hatch First 

Get SALT Encoding   

  12  0:00  Drone  
  13  0:12  Overlord  
  13  0:17  Drone  
  14  0:30  Drone x2  
  14  0:34  Drone  
  17  0:51  Hatchery  
  17  0:54  Drone  
  17  0:57  Drone  
  18  1:08  Extractor  
  17  1:11  Spawning Pool  
  17  1:14  Drone  
  17  1:17  Drone  
  18  1:28  Drone  
  19  1:38  Overlord  
  19  1:49  Drone  
  20  1:57  Queen  
  20  2:00  Drone  
  23  2:02  Queen  
  23  2:03  Drone  
  23  2:08  Metabolic Boost  
  26  2:11  Drone  
  26  2:13  Drone  
  28  2:21  Drone  
  29  2:24  Drone  
  30  2:32  Drone  
  30  2:33  Queen  
  30  2:36  Drone  
  34  2:43  Overlord  
  34  2:45  Drone  
  34  2:50  Hatchery  
  34  2:54  Drone  
  35  2:59  Baneling Nest  
  35  3:01  Overlord  
  35  3:04  Zergling x2  
  35  3:05  Zergling x2  
  36  3:08  Zergling x2  
  36  3:09  Zergling x2  
  36  3:11  Drone  
  39  3:13  Drone  
  39  3:15  Drone  
  41  3:20  Evolution Chamber  
  41  3:22  Drone x2  
  41  3:26  Drone  
  43  3:27  Drone  
  43  3:32  Drone  
  45  3:38  Drone, Lair  
  46  3:41  Zergling x2  
  46  3:42  Zergling x2  
  46  3:44  Drone x2  
  46  3:46  Extractor x2  
  48  3:51  Drone  
  48  3:52  Drone  
  50  4:00  Overlord  
  50  4:02  Drone  
  51  4:05  Roach Warren  
  51  4:07  Drone x4  
  54  4:12  Drone, Extractor  
  54  4:14  Drone x2  
  56  4:17  Drone x2  
  56  4:18  Drone  
  56  4:23  Overlord  
  58  4:27  Drone  
  58  4:28  Drone  
  60  4:34  Baneling  
  60  4:35  Baneling  
  60  4:36  Baneling  
  60  4:37  Spire  
  59  4:41  Drone x5  
  64  4:48  Zergling x6  
  66  5:02  Drone x7  
  66  5:03  Drone  
  74  5:07  Extractor  
  74  5:08  Extractor  
  74  5:10  Overlord  
  74  5:13  Drone x2  
  73  5:16  Baneling x2  
  73  5:17  Baneling  
  72  5:23  Baneling  
  72  5:27  Zergling x6  
  72  5:28  Zergling x4  
  72  5:33  Drone  
  72  5:35  Zergling x6  
  71  5:37  Zergling x2  
  71  5:39  Queen x2  
  71  5:42  Zergling x8  
  78  5:46  Baneling x2  
  78  5:52  Baneling x2  
  78  5:55  Drone x3  
  78  5:56  Overlord  
  79  6:06  Drone x2  
  79  6:07  Drone  
  81  6:13  Queen  
  81  6:14  Queen, Overlord  
  81  6:16  Drone  
  85  6:19  Overlord  
  85  6:20  Drone  
  86  6:25  Hatchery  
  86  6:27  Mutalisk  
  86  6:30  Mutalisk  
  86  6:32  Overlord  
  88  6:34  Mutalisk x4  
  88  6:37  Spore Crawler  
  94  6:41  Mutalisk x2  
  94  6:44  Spore Crawler  
  94  6:46  Mutalisk  
  99  6:49  Overlord  
  99  6:53  Overlord x2  
  98  6:59  Overlord  
  97  7:17  Spore Crawler  
Show
View Real Time Build Order
Export as new Build Order

TSGSolar Zerg - Winner!

Build Orders: Hatch First 

Get SALT Encoding   

  12  0:01  Drone  
  13  0:12  Overlord  
  13  0:16  Drone  
  14  0:30  Drone x2  
  16  0:35  Drone  
  17  0:51  Hatchery  
  17  0:53  Drone  
  17  0:57  Drone  
  17  1:03  Extractor  
  17  1:12  Spawning Pool  
  17  1:14  Drone  
  17  1:19  Drone  
  18  1:27  Drone  
  19  1:39  Drone  
  20  1:49  Overlord  
  20  1:58  Queen  
  22  2:02  Queen  
  22  2:03  Drone x2  
  22  2:04  Metabolic Boost  
  26  2:11  Drone  
  26  2:14  Drone  
  28  2:23  Drone  
  28  2:26  Drone  
  30  2:34  Hatchery  
  30  2:36  Zergling x2  
  30  2:39  Drone  
  31  2:47  Drone  
  32  2:52  Drone, Baneling Nest  
  32  2:53  Overlord  
  32  2:58  Zergling x2  
  33  3:05  Drone  
  34  3:08  Drone x2  
  34  3:12  Drone x4  
  40  3:13  Zergling x2  
  40  3:17  Overlord  
  41  3:23  Drone  
  41  3:27  Zergling x2  
  41  3:33  Drone  
  43  3:35  Baneling  
  43  3:37  Queen  
  43  3:39  Zergling x4  
  43  3:41  Drone x2, Evolution Chamber  
  48  3:44  Zergling x2  
  49  3:49  Drone  
  49  3:50  Drone  
  49  3:54  Overlord  
  51  3:57  Lair  
  51  3:59  Extractor  
  51  4:01  Drone x2, Extractor  
  51  4:06  Drone  
  51  4:09  Drone  
  53  4:10  Zergling x2, Drone  
  53  4:11  Drone  
  53  4:13  Drone x2  
  53  4:16  Zergling x4  
  60  4:17  Drone  
  60  4:18  Overlord  
  61  4:25  Drone  
  61  4:27  Zergling x2  
  61  4:29  Drone, Extractor  
  62  4:35  Zergling x2  
  63  4:41  Drone x2  
  63  4:43  Drone x3, Extractor  
  63  4:44  Extractor  
  63  4:45  Drone x2  
  68  4:46  Drone, Overlord  
  68  4:51  Zergling x4  
  71  4:55  Spire  
  71  4:57  Zergling x2  
  71  5:00  Drone  
  71  5:02  Zergling x2  
  71  5:03  Zergling x4, Overlord  
  71  5:05  Baneling x2  
  73  5:08  Zergling x2  
  73  5:11  Overlord  
  73  5:12  Zergling x2  
  73  5:14  Zergling x4  
  76  5:15  Zergling x2  
  76  5:20  Zergling x4  
  77  5:21  Zergling x2  
  77  5:22  Zergling x2  
  77  5:24  Zergling x2  
  77  5:26  Zergling x2  
  78  5:31  Zergling x2  
  75  5:37  Zergling x2  
  75  5:38  Overlord  
  75  5:39  Zergling x6  
  75  5:52  Baneling x2  
  65  6:07  Mutalisk  
  65  6:08  Mutalisk x10  
  65  6:09  Zergling x4  
  89  6:17  Mutalisk  
  88  6:19  Zergling x10  
  92  6:28  Baneling x2  
  92  6:30  Zergling x6  
  95  6:37  Mutalisk  
  95  6:39  Overlord  
  97  6:42  Mutalisk  
  99  6:48  Mutalisk  
  99  6:50  Overlord  
  99  6:51  Mutalisk  
  99  6:53  Mutalisk  
  105  6:55  Overlord  
  105  6:58  Zergling x2  
  105  6:59  Zergling x10  
Tags
 
Add a new tag
Caveats
  • Supply blocks, unpowered buildings, or Contaminate may cause inaccurate times.
  • Supply counts are checked every 10 seconds.